 Dungeon Crawl Stone Soup version 0.30.1-9-gdf580d7c3d (webtiles) character file.

Game seed: 10823281088867470572

107 booth the Chopper (level 4, -8/37 HPs)
             Began as a Draconian Reaver on Oct 17, 2023.
             Succumbed to a kobold brigand's poison
             ... in a sewer.
             The game lasted 00:11:36 (2058 turns).

booth the Chopper (Draconian Reaver)                Turns: 2058, Time: 00:11:37

Health: -8/37      AC:  6    Str: 14    XL:     4   Next: 56%
Magic:  7/7        EV: 12    Int: 14    God:
Gold:   81         SH:  0    Dex: 11    Spells: 2/8 levels left

rFire   . . .        a - +0 hand axe
rCold   . . .        (no shield)
rNeg    . . .        (body armour unavailable)
rPois   .            (helmet restricted)
rElec   .            (no cloak)
rCorr   .            (no gloves)
SInv    .            f - +0 pair of boots
Will    .....        (no amulet)
Stlth   +            (no ring)
HPRegen 0.26/turn    (no ring)
MPRegen 0.10/turn

%: no passive effects
@: lethally poisoned (-8 -> -39)
A: AC +5, unfitting armour, cold-blooded
a: no special abilities


You were in a sewer.
You visited 1 branch of the dungeon, and saw 3 of its levels.
You also visited: Sewer.

You collected 81 gold pieces.

Inventory:

Hand Weapons
 a - a +0 hand axe (weapon)
Armour
 f - a +0 pair of boots (worn)
Scrolls
 b - a scroll of teleportation
 c - a scroll of immolation {unknown}
 e - 2 scrolls of fog
 g - a scroll of poison
 h - 2 scrolls of summoning {unknown}


   Skills:
 + Level 2.8 Fighting
 * Level 3.9 Axes
 + Level 2.4 Dodging
 + Level 2.5 Spellcasting
 + Level 3.5 Conjurations


You had 2 spell levels left.
You knew the following spells:

 Your Spells              Type           Power      Damage    Failure   Level
a - Kiss of Death         Conj/Necr      24%        2d7       11%         1
b - Momentum Strike       Conj/Tloc      12%        3d8       17%         2
c - Hailstorm             Conj/Ice       6%         3d4       32%         3

Your spell library contained the following spells:

 Spells                   Type           Power      Damage    Failure   Level
 Sublimation of Blood     Necr           1%         N/A       34%         2
 Summon Ice Beast         Ice/Summ       1%         N/A       92%         4
 Animate Armour           Summ/Erth      Unusable   N/A       N/A         4

Dungeon Overview and Level Annotations

Branches:
Dungeon (3/15)              Sewer (1/1)

Altars:
Kikubaaqudgha


Innate Abilities, Weirdness & Mutations

Your plain brown scales are hard. (AC +5)
You cannot fit into any form of body armour.
You are cold-blooded and may be slowed by cold attacks.


Message History

h - 2 scrolls labelled HIMIUCKEIFO A kobold comes into view.
It is wielding a +0 whip.
You closely miss the kobold.
You tail-slap the kobold, but do no damage.
The kobold hits you with a +0 whip.
You hit the kobold.
You kill the kobold!
You see here a +0 whip.
You start resting.
HP restored.
A kobold brigand comes into view.
It is wielding a +2 dagger of venom and quivering curare-tipped darts.
You see here a +0 whip.
The kobold brigand throws a curare-tipped dart.
The curare-tipped dart hits you.
You are poisoned.
You have difficulty breathing.
You feel yourself slow down.
You feel very sick. The kobold brigand misses you.
The kobold brigand hits you but does no damage.
You are more poisoned.
You see here a +0 whip.
You feel very sick. The kobold brigand closely misses you.
You closely miss the kobold brigand.
You tail-slap the kobold brigand, but do no damage.
You feel very sick.
The kobold brigand hits you with a +2 dagger of venom.
You are more poisoned.
The kobold brigand hits you but does no damage.
You are lethally poisoned!
You hit the kobold brigand but do no damage.
* * * LOW HITPOINT WARNING * * *
You feel extremely sick.
The kobold brigand hits you with a +2 dagger of venom.
* * * LOW HITPOINT WARNING * * *
You are more poisoned.
Your magical effects are unravelling.
You feel magically purged.
You feel yourself speed up.
You die...

#....# #.~..
#...~ ##.~~
#~~.~
#...#######
#..P~~~~K~~
#..K#######
#..@).....###
##...∩∩.P...##
#≈≈....#~#P.#
#≈≈≈≈≈.#~#.P#
#≈≈≈≈≈≈#~#≈≈#
###≈≈≈≈#~#≈≈#
###≈≈#~#≈≈#
#########


You could see a kobold brigand.

Vanquished Creatures
  3 adders
  2 dart slugs
  10 endoplasms
  8 giant cockroaches
  7 goblins
  5 hobgoblins
  4 jackals (D:1)
  9 kobolds
  3 quokkas
  2 ball pythons (D:1)
  6 bats
  3 frilled lizards (D:1)
  5 rats
67 creatures vanquished.

Notes
Turn   | Place    | Note
-------+----------+-------------------------------------------
     0 | D:1      | booth the Draconian Reaver began the quest for the Orb.
     0 | D:1      | Reached XP level 1. HP: 17/17 MP: 3/3
    10 | D:1      | Got Sif Muna's Handbook of Helpful Sinister Liturgies
    98 | D:1      | Reached XP level 2. HP: 22/25 MP: 5/5
   432 | D:1      | Reached XP level 3. HP: 29/30 MP: 6/6
  1059 | D:2      | Reached XP level 4. HP: 23/37 MP: 7/7
  1836 | D:2      | Learned a level 2 spell: Momentum Strike
  1840 | D:2      | Learned a level 3 spell: Hailstorm
  1865 | D:3      | Found an ancient bone altar of Kikubaaqudgha.
  2000 | D:3      | Found a glowing drain.
  2005 | Sewer    | Entered a sewer
  2044 | Sewer    | Noticed a kobold brigand
  2058 | Sewer    | Succumbed to a kobold brigand's poison

Illustrated notes

Levels and vault maps discovered:
D:1:      ebering_hopf_link, layout_rooms, minmay_pentomino_w4
D:2:      minmay_evil_eye, layout_loops_cross, hangedman_abyss_or_decor_stabs
D:3:      layout_basic, overflow_temple_1_default, mainiacjoe_overflow_swirl,
          gup_sewer_entry_bowl
Sewer:    sewer_co_scattered_pipes

Skill      XL: |  1  2 |
---------------+-------+-----
Dodging        | 2 |  2.4
Fighting       | |  2.8
Axes           | |  3.9
Spellcasting   | |  2.5
Conjurations   | |  3.5

Action                     |  1- 3 |  4- 6 || total
---------------------------+-------+-------++-------
  Melee: Hand axe          |   173 |    73 ||   246
         Tailslap          |    13 |     9 ||    22
         Punch             |       |     2 ||     2
    Use: Scroll            |     5 |     1 ||     6
         Potion            |       |     2 ||     2
   Stab: Sleeping          |     1 |       ||     1
 Armour: Skin              |    68 |    30 ||    98
  Dodge: Dodged            |   124 |    48 ||   172
